 Dungeon Crawl Stone Soup version 0.20.1-1-g8b1a95d (webtiles) character file.

6796 Gremour the Blocker (level 11, 0/75 HPs)
             Began as a Formicid Fighter on Nov 10, 2017.
             Was a Believer of Qazlal.
             Slain by a crocodile (4 damage)
             ... on level 8 of the Dungeon.
             The game lasted 00:41:17 (7640 turns).

Gremour the Blocker (Formicid Fighter)              Turns: 7640, Time: 00:41:17

Health: 0/75       AC: 10    Str: 25    XL:     11   Next: 25%
Magic:  11/11      EV:  2    Int:  8    God:    Qazlal [**....]
Gold:   401        SH:  0    Dex: 16    Spells: 10/10 levels left

rFire    + . .     SeeInvis +   w - +4 short sword (protect)
rCold    + . .     Gourm    .   c - +0 shield
rNeg     + + +     Faith    +   u - +1 chain mail of Spring {Dex+3}
rPois    ∞         Spirit   .   (helmet unavailable)
rElec    +         Reflect  .   (no cloak)
rCorr    +         Harm     .   (no gloves)
MR       +....                  (no boots)
Stlth    ..........             B - amulet of faith
Regen    0.3/turn               M - +1 ring of slaying
MPRegen  0.2/turn               H - +4 ring of strength

@: resistant, petrified
A: permanent stasis, dig shafts and tunnels, four strong arms, antennae 3
a: Dig, Shaft Self, Upheaval, Renounce Religion


You were on level 8 of the Dungeon.
You worshipped Qazlal.
Qazlal was pleased with you.
You were hungry.

You visited 2 branches of the dungeon, and saw 9 of its levels.

You collected 401 gold pieces.

Inventory:

Hand Weapons
 a - a +0 long sword
 b - the +3 short sword "Orus" {flame, Str+2}
   (You found it on level 8 of the Dungeon)

   It has been specially enchanted to burn those struck by it, causing extra
   injury to most foes and up to half again as much damage against particularly
   susceptible opponents.
   It affects your strength (+2).
 w - a +4 short sword of protection (weapon)
Missiles
 G - 5 poisoned javelins (quivered)
Armour
 c - a +0 shield (worn)
 u - the +1 chain mail of Spring (worn) {Dex+3}
   (You found it on level 4 of the Dungeon)

   It affects your dexterity (+3).
Jewellery
 B - an amulet of faith (around neck)
 E - an uncursed amulet of harm
 H - a +4 ring of strength (right hand)
 M - a +1 ring of slaying (left hand)
Wands
 e - a wand of iceblast (5/15)
 s - a wand of iceblast (5/15)
 K - a wand of digging (11/24)
 L - a wand of digging (6/24)
Scrolls
 g - a scroll of fog {unknown}
 h - 4 scrolls of remove curse
 i - 6 scrolls of identify
 m - 3 scrolls of recharging {unknown}
 o - 6 scrolls of teleportation {unknown}
 r - a scroll of blinking {unknown}
 t - 4 scrolls of amnesia {unknown}
 x - 3 scrolls of enchant weapon {unknown}
 A - a scroll of immolation {unknown}
 D - a scroll of noise {unknown}
Potions
 k - 3 potions of invisibility
 n - 3 potions of curing
 p - 2 potions of flight
 F - a potion of brilliance {unknown}
 J - a potion of magic {unknown}
Books
 d - a book of Changes

   Spells                             Type                      Level
   a - Beastly Appendage              Transmutation                1
   b - Sticks to Snakes               Transmutation                2
   c - Spider Form                    Transmutation/Poison         3
   d - Ice Form                       Ice/Transmutation            4
   e - Blade Hands                    Transmutation                5
 y - a book of Cantrips

   Spells                             Type                      Level
   a - Confusing Touch                Hexes                        1
   b - Animate Skeleton               Necromancy                   1
   c - Summon Small Mammal            Summoning                    1
   d - Apportation                    Translocation                1
 C - a book of Minor Magic

   Spells                             Type                      Level
   a - Magic Dart                     Conjuration                  1
   b - Blink                          Translocation                2
   c - Call Imp                       Summoning                    2
   d - Slow                           Hexes                        2
   e - Conjure Flame                  Conjuration/Fire             3
   f - Mephitic Cloud                 Conjuration/Poison/Air       3
Comestibles
 f - 5 bread rations
 j - 8 fruits
 q - 3 meat rations
 v - 4 royal jellies


   Skills:
 - Level 3.2 Fighting
 * Level 10.9 Long Blades
 - Level 3.2 Armour
 + Level 14.6 Shields


You had 10 spell levels left.
You didn't know any spells.

Dungeon Overview and Level Annotations

Branches:
Dungeon (8/15)             Temple (1/1) D:5
   Lair: D:8-11

Altars:
Ashenzari
Cheibriados
Dithmenos
Elyvilon
Fedhas
Gozag
Hepliaklqana
Kikubaaqudgha
Makhleb
Nemelex Xobeh
Okawaru
Qazlal
Ru
Sif Muna
Trog
Uskayaw
Vehumet
Xom
Yredelemnul
Zin
The Shining One

Shops:
D:7 *

Annotations:
D:8 pskda's ghost, novice VSFi


Innate Abilities, Weirdness & Mutations

You cannot be hasted, slowed, berserked, paralysed or teleported.
You can dig through walls and to a lower floor.
Your four strong arms can wield two-handed weapons with a shield.
You have a pair of large antennae on your head. (SInv)


Message History

The basilisk bites you.
Your limbs are stiffening.
You have turned to stone.
The basilisk bites you! The yak gores you.
A crocodile comes into view.
The basilisk bites you but does no damage.
The yak gores you!
* * * LOW HITPOINT WARNING * * *
The basilisk bites you.
* * * LOW HITPOINT WARNING * * *
The yak gores you.
* * * LOW HITPOINT WARNING * * *
The basilisk gazes at you.
You easily resist.
The yak gores you!
* * * LOW HITPOINT WARNING * * *
The crocodile bites you.
* * * LOW HITPOINT WARNING * * *
The basilisk bites you!
* * * LOW HITPOINT WARNING * * *
The yak gores you but does no damage. The crocodile bites you!
You die...

#.##.##.#...##.##.#.............
#.##....#....#.......[.....#####
#.#######....#..####[####.......
#.# #...>....#..##.....##.......
#.# #.###.#.....#.......#.######
#.# #.# #.##t...#.......#..
#.###.###.#....Wo..._.....#
#.#........!..Yl#.......#.#
#.#.#.#.......t@#.......#...
##.#.#.#####.###.##.....## (#.
...#.#.# #.###.####.### #
##.#.#.# #...#........ ...#.#.#
###.#.#.######
##.#.#.#######.#.#.#
#.#.#.........#.# #
#.#.##...######.#.
##.#..'..[.........


You could see a yak, a basilisk, 2 crocodiles, pskda's ghost and an orc.

Vanquished Creatures
  Gastronok (D:8)
  2 two-headed ogres (D:8)
  Grinder (D:3)
  3 yaks (D:8)
  A wyvern (D:8)
  The ghost of smedtjen the Skirmisher, an amateur DsAK of Lugonu (D:5)
  A hungry ghost (D:8)
  3 porcupines (D:8)
  3 ice beasts
  A black bear (D:7)
  2 orc warriors
  2 phantoms
  A centaur (D:5)
  3 ogres
  A crocodile (D:8)
  4 bullfrogs
  A wyvern skeleton (D:6)
  3 scorpions
  A water moccasin skeleton (D:8)
  A howler monkey (D:6)
  A bullfrog zombie (D:5)
  2 crimson imps
  2 hounds
  An orc priest (D:8)
  2 jellies
  4 iguanas
  7 worker ants
  Ijyb (D:3)
  4 orc wizards
  2 hound skeletons (D:4)
  A killer bee simulacrum (D:8)
  11 adders
  4 gnolls (D:2)
  2 hound simulacra (D:8)
  A shadow imp (D:6)
  A white imp (D:8)
  A howler monkey simulacrum (D:8)
  An ooze (D:1)
  An adder skeleton (D:5)
  5 worms
  2 dart slugs
  4 leopard geckos
  20 orcs
  5 giant cockroaches
  9 goblins
  8 hobgoblins
  2 jackals (D:2)
  5 quokkas
  A ball python (D:4)
  7 bats
  3 frilled lizards
  8 kobolds
  A leopard gecko skeleton (D:4)
  2 quokka skeletons
  8 rats
175 creatures vanquished.

Vanquished Creatures (others)
  An orc wizard (D:4)
  3 bushes (D:8)
  7 fungi (D:8)
  14 plants (D:8)
25 creatures vanquished.

Grand Total: 200 creatures vanquished

Notes
Turn   | Place    | Note
-------+----------+-------------------------------------------
     0 | D:1      | Gremour the Formicid Fighter began the quest for the Orb.
     0 | D:1      | Reached XP level 1. HP: 18/18 MP: 1/1
    68 | D:1      | Reached XP level 2. HP: 20/24 MP: 2/2
   324 | D:1      | Reached XP level 3. HP: 26/29 MP: 3/3
   997 | D:2      | Reached XP level 4. HP: 32/35 MP: 4/4
  1913 | D:2      | Reached XP level 5. HP: 15/41 MP: 5/5
  2369 | D:3      | Reached skill level 5 in Long Blades
  2813 | D:3      | Noticed Grinder
  2845 | D:3      | Killed Grinder
  2845 | D:3      | Reached XP level 6. HP: 34/47 MP: 6/6
  2845 | D:3      | Reached XP level 7. HP: 38/52 MP: 7/7
  3014 | D:3      | Found a white marble altar of Elyvilon.
  3015 | D:3      | Noticed Ijyb
  3141 | D:3      | Killed Ijyb
  3369 | D:4      | Found a basalt altar of Yredelemnul.
  3504 | D:4      | Got a slimy chain mail
  3515 | D:4      | Identified the cursed +1 chain mail of Spring {Dex+3} (You found it on level 4 of the Dungeon)
  3597 | D:4      | Found a deep blue altar of Sif Muna.
  3597 | D:4      | Found a glowing golden altar of the Shining One.
  3597 | D:4      | Found a hazy altar of Hepliaklqana.
  3878 | D:5      | Entered Level 5 of the Dungeon
  3887 | D:5      | Found a hazy altar of Hepliaklqana.
  3896 | D:5      | Reached skill level 4 in Shields
  3908 | D:5      | Noticed smedtjen's ghost (amateur DsAK)
  3927 | D:5      | Killed smedtjen's ghost
  3933 | D:5      | Reached XP level 8. HP: 56/58 MP: 8/8
  4094 | D:5      | Reached skill level 5 in Shields
  4365 | D:5      | Found a staircase to the Ecumenical Temple.
  4388 | Temple   | Entered the Ecumenical Temple
  4504 | Temple   | Became a worshipper of Qazlal Stormbringer
  4974 | D:5      | Reached skill level 6 in Shields
  5026 | D:5      | Reached XP level 9. HP: 21/64 MP: 9/9
  5268 | D:5      | Reached * piety under Qazlal
  5268 | D:5      | Reached skill level 10 in Long Blades
  5268 | D:5      | Reached skill level 7 in Shields
  5415 | D:6      | Found an iron altar of Okawaru.
  5420 | D:6      | Found a hide-covered altar of Uskayaw.
  5588 | D:6      | Reached skill level 8 in Shields
  5993 | D:7      | Reached skill level 9 in Shields
  6077 | D:7      | Found Ynkosh's General Store.
  6388 | D:8      | Reached ** piety under Qazlal
  6408 | D:8      | Found a deep blue altar of Sif Muna.
  6569 | D:8      | Reached skill level 10 in Shields
  6600 | D:8      | Noticed Gastronok
  6624 | D:8      | Killed Gastronok
  6624 | D:8      | Reached skill level 12 in Shields
  6624 | D:8      | Reached XP level 10. HP: 70/70 MP: 10/10
  6669 | D:8      | Found a blossoming altar of Fedhas.
  6925 | D:8      | Reached skill level 13 in Shields
  7012 | D:8      | Got an ancient short sword
  7013 | D:8      | Identified the cursed +3 short sword "Orus" {flame, Str+2} (You found it on level 8 of the Dungeon)
  7051 | D:8      | Noticed a two-headed ogre
  7064 | D:8      | Killed a two-headed ogre
  7064 | D:8      | Reached XP level 11. HP: 29/75 MP: 11/11
  7310 | D:8      | Noticed a two-headed ogre
  7334 | D:8      | Killed a two-headed ogre
  7334 | D:8      | Reached skill level 14 in Shields
  7379 | D:8      | Noticed pskda's ghost (novice VSFi)
  7640 | D:8      | Slain by a crocodile

Skill      XL: |  1  2  3  4  5  6  7  8  9 10 11 |
---------------+----------------------------------+-----
Long Blades    | 3 4 6 8 9 10 | 10.9
Shields        | 4 6 12 13 14 | 14.6
Fighting       | |  3.2
Armour         | |  3.2

Action                   |  1- 3 |  4- 6 |  7- 9 | 10-12 || total
-------------------------+-------+-------+-------+-------++-------
Melee: Long sword        |   121 |    53 |       |       ||   174
       Short sword       |       |    67 |   480 |   167 ||   714
 Abil: Dig               |       |       |     5 |     2 ||     7
  Use: Potion            |       |     3 |     2 |     4 ||     9
       Scroll            |       |     1 |     9 |     1 ||    11
  Eat: Chunk             |     1 |     5 |    11 |     3 ||    20
       Meat ration       |       |       |     1 |       ||     1
Armor: Scale mail        |    59 |    31 |     7 |       ||    97
       Skin              |       |     2 |     5 |       ||     7
       Chain mail        |       |       |   141 |    31 ||   172
Dodge: Dodged            |    37 |    28 |    75 |    22 ||   162
Block: Shield            |    66 |    58 |   215 |    89 ||   428
       Rpst.: Long sword |    12 |     4 |       |       ||    16
